 Dungeon Crawl Stone Soup version 0.28-a0-794-gafe8c5f9e9 (webtiles) character file.

Game seed: 17848369756543683834

41 siradein the Skirmisher (level 3, -3/43 HPs)
             Began as a Demonspawn Berserker on Nov 5, 2021.
             Was a Believer of Trog.
             Slain by a killer bee zombie (7 damage)
             ... on level 3 of the Dungeon.
             The game lasted 00:04:24 (1713 turns).

siradein the Skirmisher (Demonspawn Berserker)      Turns: 1713, Time: 00:04:24

Health: -3/43      AC:  4    Str: 18    XL:     3   Next: 32%
Magic:  3/3        EV: 12    Int:  8    God:    Trog [**....]
Gold:   78         SH:  0    Dex: 12    Spells: 2/2 levels left

rFire   . . .      SeeInvis .   a - +0 spear
rCold   . . .      Faith    .   (no shield)
rNeg    . . .      Spirit   .   b - +0 animal skin
rPois   .          Reflect  .   (no helmet)
rElec   .          Harm     .   (no cloak)
rCorr   .          Rampage  .   (no gloves)
Will    .....                   (no boots)
Stlth   ..........              (no amulet)
HPRegen 0.14/turn               (no ring)
MPRegen 0.08/turn               (no ring)

@: berserking (expiring), very quick
A: molten scales 1
a: Renounce Religion, Berserk, Trog's Hand


You were on level 3 of the Dungeon.
You worshipped Trog.
Trog was pleased with you.
You visited 1 branch of the dungeon, and saw 3 of its levels.

You collected 78 gold pieces.

Inventory:

Hand Weapons
 a - a +0 spear (weapon)
 f - a +0 hand crossbow
Missiles
 g - 25 bolts
Armour
 b - a +0 animal skin (worn)
Wands
 j - a wand of flame (13)
Scrolls
 c - a scroll of identify {unknown}
 e - a scroll of magic mapping {unknown}
 h - a scroll of enchant armour {unknown}
Potions
 d - 2 potions of curing {unknown}
 i - a potion of flight {unknown}


   Skills:
 + Level 3.3 Fighting
 + Level 3.0 Polearms
 + Level 0.6 Crossbows
 + Level 2.2 Armour
 + Level 2.2 Dodging


You had 2 spell levels left.
You didn't know any spells.
Your spell library was empty.

Dungeon Overview and Level Annotations

Branches:
Dungeon (3/15)

Altars:

Shops:
D:1 =


Innate Abilities, Weirdness & Mutations

You are partially covered in molten scales. (AC +2)


Message History

You barely miss the killer bee zombie.
The killer bee zombie is lightly damaged.
The killer bee zombie barely misses you.
You barely miss the killer bee zombie.
The killer bee zombie is lightly damaged.
The killer bee zombie closely misses you.
You puncture the killer bee zombie!
The killer bee zombie is heavily damaged.
The killer bee zombie closely misses you.
You hit the killer bee zombie.
The killer bee zombie is severely damaged.
The killer bee zombie barely misses you.
You completely miss the killer bee zombie.
The killer bee zombie is severely damaged.
The killer bee zombie hits you. The killer bee zombie hits you!
* * * LOW HITPOINT WARNING * * *
You barely miss the killer bee zombie.
The killer bee zombie is severely damaged.
The killer bee zombie misses you.
You miss the killer bee zombie.
The killer bee zombie is severely damaged.
The killer bee zombie barely misses you.
You closely miss the killer bee zombie.
The killer bee zombie is severely damaged.
The killer bee zombie hits you!
* * * LOW HITPOINT WARNING * * *
You closely miss the killer bee zombie.
The killer bee zombie is severely damaged.
The killer bee zombie hits you but does no damage.
You miss the killer bee zombie.
The killer bee zombie is severely damaged.
The killer bee zombie misses you.
You closely miss the killer bee zombie.
The killer bee zombie is severely damaged.
The killer bee zombie misses you.
The killer bee zombie barely misses you.
You barely miss the killer bee zombie.
The killer bee zombie is severely damaged.
The killer bee zombie hits you!
You die...

##.## #..#.#
#.# #.##.# #.#
#.##.## #.#
#.....# #.#
####†.# ..#
#..# #..#
##.########..#
.....!Z@.....#
##.#########.#
.# .# .# .# ##


You could see a killer bee zombie.

Vanquished Creatures
  An adder (D:2)
  An orc (D:2)
  5 bats
  5 endoplasms
  4 hobgoblins
  2 quokkas
  2 ball pythons
  A frilled lizard (D:2)
  2 goblins
  3 kobolds
  2 rats
28 creatures vanquished.

Notes
Turn   | Place    | Note
-------+----------+-------------------------------------------
     0 | D:1      | siradein the Demonspawn Berserker began the quest for the
                  | Orb.
     0 | D:1      | Reached XP level 1. HP: 18/18 MP: 1/1
   132 | D:1      | Found a faded altar of an unknown god.
   293 | D:1      | Found Tistemp's Jewellery Emporium.
   365 | D:1      | Gained mutation: You are partially covered in molten
                  | scales. (AC +2) [demonic ancestry]
   365 | D:1      | Reached XP level 2. HP: 24/24 MP: 2/2
   982 | D:2      | Reached ** piety under Trog
   983 | D:2      | Reached XP level 3. HP: 28/29 MP: 3/3
  1713 | D:3      | Slain by a killer bee zombie

Illustrated notes

Levels and vault maps discovered:
D:1:      psy_arrival_spokes, layout_loops_ring, serial_shops, shop_statue,
          chequers_ecumenical_altar_island
D:2:      layout_basic, serial_aquarium, aquarium_bridge_long_separate
          [aquarium_subvault_wall, aquarium_subvault_bridge,
          aquarium_subvault_window, aquarium_subvault_wall,
          aquarium_subvault_bridge, aquarium_subvault_window],
          aquarium_window_1, aquarium_window_2, aquarium_view_2e,
          aquarium_pool_five
D:3:      layout_loops_ring, beargit_hepliaklqana_dungeon_heroes

Skill      XL: |  1  2 |
---------------+-------+-----
Dodging        | 2 |  2.2
Armour         | 2 |  2.2
Polearms       | 3 |  3.0
Fighting       | |  3.3
Crossbows      | |  0.6

Action                   || total
-------------------------++-------
Melee: Spear             ||    87
Invok: Berserk           ||     1
 Stab: Sleeping          ||     5
Armor: Animal skin       ||    15
Dodge: Dodged            ||    30

Table legend: (Time is in decaauts)
 A = Elapsed time spent in this place.
 B = Non-inter-level travel time spent in this place.
 C = Inter-level travel time spent in this place.
 D = Time resting spent in this place.
 E = Time spent auto-exploring this place.
 F = Levels seen in this place.
 G = Mean time per level.
                   A        B        C        D        E       F      G
               +--------+--------+--------+--------+--------+-----+--------+
         Total |   1705 |   1619 |     86 |      0 |   1440 |   3 |  568.3 |
       Dungeon |   1705 |   1619 |     86 |      0 |   1440 |   3 |  568.3 |
               +--------+--------+--------+--------+--------+-----+--------+

Top non-repeatable levels by time:
     D:1: 886 daAuts
     D:2: 766 daAuts
     D:3: 52 daAuts
